 Dungeon Crawl Stone Soup version 0.21-a0-39-g28ea6b7 (webtiles) character file.

1869 TheGoonsmith the Destroyer (level 8, -1/41 HPs)
             Began as a Deep Elf Fire Elementalist on May 31, 2017.
             Was an Initiate of Vehumet.
             Slain by a killer bee (7 damage)
             ... on level 6 of the Dungeon.
             The game lasted 00:13:02 (6667 turns).

TheGoonsmith the Destroyer (DEFE)                   Turns: 6667, Time: 00:13:03

Health: -1/41      AC:  6    Str:  5    XL:     8   Next: 90%
Magic:  1/21       EV: 14    Int: 22    God:    Vehumet [......]
Gold:   243        SH:  0    Dex: 16    Spells: 9/22 levels left

rFire    . . .     SeeInvis .   o - +3 dagger (flame)
rCold    + . .     Gourm    .   (no shield)
rNeg     . . .     Faith    .   a - +0 robe
rPois    .         Spirit   .   (no helmet)
rElec    .         Reflect  .   y - +1 cloak
rCorr    .         Harm     .   (no gloves)
MR       .....                  s - +1 pair of boots
Stlth    ++........             (no amulet)
Regen    0.2/turn               u - ring of protection from cold
MPRegen  0.2/turn               v - +1 ring of evasion

@: lethally poisoned (-1 -> -17)
A: no striking features
a: Renounce Religion


You were on level 6 of the Dungeon.
You worshipped Vehumet.
Vehumet was noncommittal.
You were hungry.

You visited 1 branch of the dungeon, and saw 6 of its levels.

You collected 243 gold pieces.

Inventory:

Hand Weapons
 o - a +3 dagger of flaming (weapon)
Armour
 a - a +0 robe (worn)
 e - a +0 buckler
 s - a +1 pair of boots (worn)
 y - a +1 cloak (worn)
Jewellery
 f - a +3 ring of intelligence
 m - an uncursed amulet of the gourmand
 u - a ring of protection from cold (left hand)
 v - a +1 ring of evasion (right hand)
Wands
 B - a wand of iceblast (4/15)
 C - a wand of flame (41/48)
Scrolls
 d - 2 scrolls of amnesia
 h - a scroll of enchant weapon
 r - 4 scrolls of identify
 t - 2 scrolls of fog
Potions
 g - a potion of magic {unknown}
 j - a potion of curing
 k - 2 potions of brilliance
 n - 2 potions of mutation {unknown}
 p - 3 potions of might
 q - 2 potions of lignification
 A - a potion of heal wounds {unknown}
Books
 b - a book of Flames

   Spells                             Type                      Level
   a - Flame Tongue                   Conjuration/Fire             1
   b - Throw Flame                    Conjuration/Fire             2
   c - Conjure Flame                  Conjuration/Fire             3
   d - Inner Flame                    Hexes/Fire                   3
   e - Sticky Flame                   Conjuration/Fire             4
   f - Fireball                       Conjuration/Fire             5
 x - a book of Frost

   Spells                             Type                      Level
   a - Freeze                         Ice                          1
   b - Throw Frost                    Conjuration/Ice              2
   c - Ozocubu's Armour               Charms/Ice                   3
   d - Throw Icicle                   Conjuration/Ice              4
   e - Summon Ice Beast               Ice/Summoning                4
Comestibles
 c - 6 bread rations
 i - 7 fruits
 l - 3 royal jellies
 w - a meat ration


   Skills:
 - Level 2.4 Dodging
 - Level 2.4 Stealth
 + Level 7.7 Spellcasting
 * Level 8.7 Conjurations
 * Level 7.8 Fire Magic


You had 9 spell levels left.
You knew the following spells:

 Your Spells              Type           Power        Failure   Level  Hunger
a - Flame Tongue          Conj/Fire      #####        1%          1    None
c - Conjure Flame         Conj/Fire      #####...     1%          3    None
f - Fireball              Conj/Fire      #####.....   7%          5    #####..
s - Sticky Flame          Conj/Fire      #####...     2%          4    ###....


Dungeon Overview and Level Annotations

Branches:
Dungeon (6/15)             Temple (0/1) D:5

Altars:
Kikubaaqudgha
Nemelex Xobeh
Qazlal
Trog
Vehumet


Message History

Aiming: Flame Tongue
Press: ? - help, Shift-Dir - straight line, f/p - killer bee
Aim: a killer bee (moderately wounded)
The flame tongue hits the killer bee.
You kill the killer bee!
Vehumet accepts your kill.
You are feeling hungry.
* * * LOW HITPOINT WARNING * * *
You feel sick.
Casting: Flame Tongue
Confirm with . or Enter, or press ? or * to list all spells.
Aiming: Sticky Flame
Press: ? - help, Shift-Dir - straight line, f - killer bee
Aim: a killer bee The sticky flame hits the killer bee.
The killer bee is heavily wounded.
The killer bee is covered in liquid flames!
* * * LOW HITPOINT WARNING * * *
You feel sick.
The killer bee burns!
The killer bee stings you!
You die...

.......#
.......####..#.###
......... .......
.......####..#..#
........#....#..###
........# #..#....# .
........# #....... ?..
.......## #...#.###....#
.......# #...'<@y......
.......####...#######.##
....................
.......############.
.......# .......#
.......# .......#
.....†....


You could see a killer bee (burning).

Vanquished Creatures
  Grinder (D:3)
  The ghost of Spazmo the Magician, an amateur DEEE of Sif Muna (D:4)
  Menkaure (D:5)
  2 ogres
  A bullfrog (D:5)
  A gnoll sergeant (D:4)
  2 scorpions (D:5)
  4 killer bees (D:6)
  The ghost of TheGoonsmith the Skirmisher, a weakling DsBe of Trog (D:3)
  A howler monkey (D:3)
  3 crimson imps
  Crazy Yiuf (D:3)
  An orc priest (D:4)
  An orc wizard (D:4)
  3 bullfrog skeletons
  A centaur skeleton (D:4)
  Ijyb (D:5)
  Jessica (D:3)
  5 worker ants
  A hound zombie (D:5)
  6 adders
  6 gnolls
  A shadow imp (D:5)
  3 oozes
  An adder skeleton (D:5)
  2 worms
  5 leopard geckos
  20 orcs
  11 bats
  3 giant cockroaches
  7 goblins
  11 hobgoblins
  18 jackals
  4 quokkas
  3 ball pythons
  4 frilled lizards
  4 kobolds
  A leopard gecko skeleton (D:6)
  A quokka zombie (D:6)
  4 rats (D:1)
148 creatures vanquished.

Notes
Turn   | Place    | Note
-------+----------+-------------------------------------------
     0 | D:1      | TheGoonsmith the Deep Elf Fire Elementalist began the quest for the Orb.
     0 | D:1      | Reached XP level 1. HP: 10/10 MP: 6/6
   221 | D:1      | Reached XP level 2. HP: 15/15 MP: 1/8
   237 | D:1      | Reached skill level 2 in Conjurations
  1137 | D:2      | Reached XP level 3. HP: 19/19 MP: 5/10
  1139 | D:2      | Found an ancient bone altar of Kikubaaqudgha.
  1466 | D:2      | Reached skill level 3 in Conjurations
  1670 | D:2      | Reached XP level 4. HP: 22/24 MP: 5/11
  2193 | D:2      | Learned a level 4 spell: Sticky Flame
  2197 | D:2      | Learned a level 3 spell: Conjure Flame
  3199 | D:3      | Reached skill level 4 in Conjurations
  3199 | D:3      | Reached XP level 5. HP: 26/28 MP: 8/13
  3401 | D:3      | Noticed Jessica
  3406 | D:3      | Killed Jessica
  3547 | D:3      | Found a sparkling altar of Nemelex Xobeh.
  3590 | D:3      | Found a runed door.
  3669 | D:3      | Noticed Grinder
  3682 | D:3      | Killed Grinder
  3682 | D:3      | Reached skill level 5 in Spellcasting
  3682 | D:3      | Reached skill level 5 in Conjurations
  3682 | D:3      | Reached XP level 6. HP: 27/32 MP: 7/15
  3793 | D:3      | Found a faded altar of an unknown god.
  3909 | D:3      | Noticed Crazy Yiuf
  3909 | D:3      | Noticed TheGoonsmith's ghost (weakling DsBe)
  3915 | D:3      | Killed TheGoonsmith's ghost
  3915 | D:3      | Reached skill level 5 in Fire Magic
  3917 | D:3      | Killed Crazy Yiuf
  4018 | D:4      | Learned a level 5 spell: Fireball
  4076 | D:4      | Reached skill level 6 in Conjurations
  4076 | D:4      | Reached XP level 7. HP: 36/36 MP: 10/17
  5103 | D:4      | Noticed Spazmo's ghost (amateur DEEE)
  5116 | D:4      | Killed Spazmo's ghost
  5116 | D:4      | Reached skill level 7 in Conjurations
  5121 | D:4      | Reached XP level 8. HP: 12/41 MP: 1/19
  5448 | D:5      | Entered Level 5 of the Dungeon
  5466 | D:5      | Found a stormy altar of Qazlal.
  5537 | D:5      | Noticed Menkaure
  5539 | D:5      | Killed Menkaure
  5804 | D:5      | Found a radiant altar of Vehumet.
  6147 | D:5      | Noticed Ijyb
  6171 | D:5      | Killed Ijyb
  6171 | D:5      | Reached skill level 8 in Conjurations
  6304 | D:5      | Found a bloodstained altar of Trog.
  6358 | D:5      | Became a worshipper of Vehumet
  6415 | D:5      | Found a staircase to the Ecumenical Temple.
  6667 | D:6      | Slain by a killer bee

Vault maps used:
D:1:      dpeg_arrival_arbitrary_a, st_stairs_11, minivault_27,
          hangedman_decor_points
D:2:      kiku_gazebo_garden_becter
D:3:      chequers_ecumenical_altar_lobes, first_bread,
          minmay_misc_feat_pillars, nemelex_dance_club_becter,
          uniq_crazy_yiuf_cottage, uniq_grinder, uniq_jessica
D:4:      corexii_corridor_pit
D:5:      kennysheep_little_box, lemuel_round_altar, temple_green,
          vehumet_altar_wand_db, uniq_ijyb, uniq_menkaure
D:6:      portal_sewer_entry_a, hangedman_abyss_or_decor_lesser_grid

Skill      XL: |  1  2  3  4  5  6  7  8 |
---------------+-------------------------+-----
Conjurations   | 2 3 4 5 6 7 8 |  8.7
Spellcasting   | 4 5 6 7 |  7.7
Fire Magic     | 4 5 6 7 |  7.8
Dodging        | |  2.4
Stealth        | |  2.4

Action                   |  1- 3 |  4- 6 |  7- 9 || total
-------------------------+-------+-------+-------++-------
Melee: Unarmed           |     4 |       |       ||     4
       Dagger            |       |    10 |    81 ||    91
 Cast: Flame Tongue      |    60 |   125 |   161 ||   346
       Conjure Flame     |       |       |     2 ||     2
       Sticky Flame      |       |       |    12 ||    12
Evoke: Wand              |       |       |     2 ||     2
  Use: Scroll            |       |     6 |     8 ||    14
  Eat: Chunk             |     2 |     2 |     9 ||    13
       Meat ration       |       |     1 |       ||     1
Armor: Robe              |     4 |     6 |    32 ||    42
Dodge: Dodged            |    20 |    27 |    90 ||   137
